 Dungeon Crawl Stone Soup version 0.25-a0-1079-g858b6a6ff6 (webtiles) character file.

Game seed: 6127050135334064489, levelgen mode: deterministic

1570 Gwenloh the Slinger (level 9, -6/54 HPs)
             Began as a Halfling Warper on May 15, 2020.
             Mangled by an orc warrior
             ... wielding a +0 dire flail
              (16 damage)
             ... on level 6 of the Dungeon.
             The game lasted 00:30:37 (7470 turns).

Gwenloh the Slinger (Halfling Warper)               Turns: 7470, Time: 00:30:38

Health: -6/54      AC:  4    Str: 12    XL:     9   Next: 13%
Magic:  8/11       EV: 17    Int: 14    God:
Gold:   306        SH:  0    Dex: 14    Spells: 3/11 levels left

rFire    . . .     SeeInvis +   b - +2 hunting sling of an ossuary {vorpal, MR+ Str+2}
rCold    . . .     Gourm    .   (shield restricted)
rNeg     . . .     Faith    .   G - +1 leather armour {MR+}
rPois    .         Spirit   .   (no helmet)
rElec    .         Reflect  .   (no cloak)
rCorr    .         Harm     .   (no gloves)
MR       ++...                  (no boots)
Stlth    +.........             p - amulet of regeneration
HPRegen  0.58/turn              x - ring of see invisible
MPRegen  0.12/turn              (no ring)

@: slightly contaminated
A: small, mutation resistance 1, weak 1
a: no special abilities


You were on level 6 of the Dungeon.
You were not hungry.

You visited 1 branch of the dungeon, and saw 6 of its levels.

You collected 306 gold pieces.

Inventory:

Hand Weapons
 a - a +0 rapier
 b - the +2 hunting sling of an ossuary (weapon) {vorpal, MR+ Str+2}
   (You found it on level 4 of the Dungeon)

   Any stone fired from it inflicts extra damage.
   It affects your strength (+2).
   It affects your resistance to hostile enchantments.
 s - a +0 short sword
 y - the +8 short sword of Greatest Utility {distort, rElec rN+ MR- Int+2}
   (You found it on level 6 of the Dungeon)

   It warps and distorts space around it.
   Unwielding it can cause banishment or high damage.
   It affects your intelligence (+2).
   It insulates you from electricity.
   It protects you from negative energy.
   It affects your resistance to hostile enchantments.
 B - a +0 hunting sling of flaming
Missiles
 h - 6 boomerangs
 k - 433 stones (quivered)
 r - 17 poisoned darts
 t - 13 sling bullets
Armour
 G - a +1 leather armour of magic resistance (worn)
Jewellery
 p - an amulet of regeneration (around neck)
 x - a ring of see invisible (left hand)
Wands
 v - a wand of digging (3)
 D - a wand of flame (8)
Scrolls
 d - 2 scrolls of blinking
 e - 2 scrolls of remove curse {unknown}
 i - 3 scrolls of magic mapping {unknown}
 j - 3 scrolls of teleportation {unknown}
 m - 4 scrolls of enchant armour {unknown}
 n - a scroll of fear {unknown}
 q - 3 scrolls of identify {unknown}
Potions
 c - 2 potions of cancellation {unknown}
 g - a potion of stabbing {unknown}
 l - 2 potions of mutation {unknown}
 o - a potion of brilliance {unknown}
 u - a potion of berserk rage {unknown}
 w - 3 potions of haste {unknown}
 z - 4 potions of degeneration {unknown}
 A - 2 potions of curing {unknown}
 C - a potion of flight {unknown}
 E - a potion of resistance {unknown}
 H - a potion of invisibility
Comestibles
 f - 15 rations


   Skills:
 - Level 1.7 Fighting
 + Level 5.4 Short Blades
 * Level 8.6(8.7) Slings
 - Level 1.0(3.8) Throwing
 - Level 1.1 Armour
 + Level 5.9 Dodging
 - Level 1.5 Spellcasting
 - Level 3.0 Charms
 + Level 6.7 Translocations


You had 3 spell levels left.
You knew the following spells:

 Your Spells              Type           Power        Failure   Level  Hunger
a - Blink                 Tloc           N/A          3%          2    ###....
b - Shroud of Golubria    Chrm/Tloc      ##....       7%          2    ###....
c - Passage of Golubria   Tloc           N/A          21%         4    #####..

Your spell library contained the following spells:

 Spells                   Type           Power        Failure   Level  Hunger
 Gell's Gravitas          Tloc           ###.......   6%          3    ####...
 Lesser Beckoning         Tloc           ###.......   6%          3    ####...
 Teleport Other           Tloc           ###.....     6%          3    ####...


Dungeon Overview and Level Annotations

Branches:
Dungeon (6/15)
 Temple: D:4-7

Altars:
Ashenzari
Makhleb
Vehumet
The Shining One

Annotations:
D:3 3 runed translucent doors, Flugslaktarn's ghost, amateur VSFi; Gwenloh's ghost, amateur NaVM


Innate Abilities, Weirdness & Mutations

You are small and have problems with some larger weapons.
You are somewhat resistant to further mutation.
You are weak. (Str -2)


Message History

Firing (i - inventory. (/) - cycle)
k - 435 stones (quivered)
Press: ? - help, Shift-Dir - straight line, f/p - orc warrior
Aim: an orc warrior, wielding a +0 dire flail and wearing a +0 plate armour (moderately wounded)
You shoot a stone. The stone hits the orc warrior.
The orc warrior is heavily wounded.
The orc warrior misses you.
Firing (i - inventory. (/) - cycle)
k - 434 stones (quivered)
Press: ? - help, Shift-Dir - straight line, f/p - orc warrior
Aim: an orc warrior, wielding a +0 dire flail and wearing a +0 plate armour (heavily wounded)
You shoot a stone.
The stone hits the orc warrior but does no damage.
The orc warrior is heavily wounded.
The orc warrior hits you with a +0 dire flail!!
* * * LOW HITPOINT WARNING * * *
You are too injured to fight recklessly!
Casting: Shroud of Golubria (safe; 7% risk of failure)
Confirm with . or Enter, or press ? or * to list all spells.
Space distorts slightly along a thin shroud covering your body.
The orc warrior hits you with a +0 dire flail!
You die...

### ..# #.# #.# ####### #####.#
#.....# ####### ≈≈##.#
#.###.###...... #≈##.#
#......##)##### ###
##≈##.#######..##..##.#####
#...#≈≈....ooo@....>...........
#$..'...########...######.#####
#...#≈≈## #...................
### ##≈# #.####..#######.####
≈≈##≈#####.# #..............
≈≈≈≈≈...##.# ##.#######.####
..#####....# #.# ###.####
###### #....# #.# #.......
.....# ##...#####.# #.......


You could see an orc warrior and 2 orcs.

Vanquished Creatures
  Sigmund (D:3)
  A phantom (D:4)
  An ogre (D:5)
  6 big kobolds (D:4)
  A water moccasin zombie (D:3)
  A scorpion (D:4)
  2 crimson imps
  A hound (D:6)
  A gnoll shaman (D:4)
  A jelly (D:4)
  An orc priest (D:4)
  An iguana (D:4)
  Ijyb (D:5)
  5 worker ants
  2 orc wizards
  A hound skeleton (D:6)
  9 gnolls
  4 adders
  A shadow imp (D:5)
  An ooze (D:4)
  An adder skeleton (D:4)
  4 worms
  2 leopard geckos
  10 orcs
  10 bats
  9 giant cockroaches
  8 hobgoblins
  8 jackals
  53 kobolds
  5 quokkas
  A ball python (D:5)
  3 frilled lizards
  7 goblins
  A leopard gecko skeleton (D:6)
  8 rats
172 creatures vanquished.

Vanquished Creatures (others)
  3 withered plants (D:3)
3 creatures vanquished.

Grand Total: 175 creatures vanquished

Notes
Turn   | Place    | Note
-------+----------+-------------------------------------------
     0 | D:1      | Gwenloh the Halfling Warper began the quest for the Orb.
     0 | D:1      | Reached XP level 1. HP: 14/14 MP: 3/3
   133 | D:1      | Reached XP level 2. HP: 19/19 MP: 4/4
   213 | D:1      | Learned a level 2 spell: Blink
   216 | D:1      | Learned a level 2 spell: Shroud of Golubria
   334 | D:1      | Reached XP level 3. HP: 24/24 MP: 5/5
   625 | D:2      | HP: 1/24 [quokka (3)]
  1164 | D:2      | Found a faded altar of an unknown god.
  1209 | D:2      | Reached skill level 1 in Charms
  1610 | D:2      | Reached XP level 4. HP: 26/29 MP: 3/6
  2153 | D:3      | Noticed Sigmund
  2416 | D:3      | Reached XP level 5. HP: 21/34 MP: 4/7
  2728 | D:3      | Found a runed translucent gate.
  2728 | D:3      | Found a runed translucent gate.
  2728 | D:3      | Noticed Gwenloh's ghost (amateur NaVM)
  2729 | D:3      | Found a runed translucent gate.
  2729 | D:3      | Noticed Flugslaktarn's ghost (amateur VSFi)
  3030 | D:3      | Reached XP level 6. HP: 39/39 MP: 8/8
  3444 | D:3      | Killed Sigmund
  3444 | D:3      | Reached skill level 3 in Slings
  3444 | D:3      | Reached skill level 5 in Translocations
  3554 | D:3      | Found a shattered altar of Ashenzari.
  3564 | D:3      | Found a burning altar of Makhleb.
  3567 | D:3      | Found a radiant altar of Vehumet.
  3709 | D:4      | Reached XP level 7. HP: 44/44 MP: 9/9
  4368 | D:4      | Reached skill level 4 in Slings
  4462 | D:4      | Got an iridescent hunting sling
  4475 | D:4      | Identified the +2 hunting sling of an ossuary {vorpal, MR+
                  | Str+2} (You found it on level 4 of the Dungeon)
  4672 | D:4      | Reached skill level 5 in Slings
  4883 | D:4      | Reached XP level 8. HP: 25/49 MP: 6/10
  4997 | D:4      | Found a glowing golden altar of the Shining One.
  5024 | D:4      | Learned a level 4 spell: Passage of Golubria
  5313 | D:4      | Reached skill level 6 in Slings
  5483 | D:4      | Reached skill level 5 in Dodging
  5706 | D:4      | Reached skill level 7 in Slings
  6155 | D:5      | Entered Level 5 of the Dungeon
  6376 | D:5      | Noticed Ijyb
  6387 | D:5      | Killed Ijyb
  6650 | D:5      | Reached skill level 5 in Short Blades
  6714 | D:5      | Reached skill level 8 in Slings
  6810 | D:5      | Reached XP level 9. HP: 54/54 MP: 3/11
  7357 | D:6      | Got a translucent short sword
  7358 | D:6      | Identified the +8 short sword of Greatest Utility {distort,
                  | rElec rN+ MR- Int+2} (You found it on level 6 of the
                  | Dungeon)
  7435 | D:6      | Gained mutation: You are weak. (Str -2) [mutagenic glow]
  7470 | D:6      | Mangled by an orc warrior

Illustrated notes

Levels and vault maps discovered:
D:1:      erik_arrival_triangle_small, layout_rooms,
          chequers_serial_rivers_micro_b
D:2:      layout_loops_cross, chequers_ecumenical_altar_simple, minmay_quantized
D:3:      layout_loops_ring, grunt_temple_overflow_diamond,
          gammafunk_ghost_cemetery, uniq_sigmund
D:4:      minmay_goblin_kobold_castle, layout_basic, tso_oasis_becter,
          first_ration
D:5:      layout_loops_ring, uniq_ijyb
D:6:      layout_basic, minmay_temple_entry_enclosed_plants, lightli_minifort

Skill      XL: |  1  2  3  4  5  6  7  8 |
---------------+-------------------------+-----
Short Blades   | 3 5 |  5.4
Dodging        | 3 4 5 |  5.9
Charms         | 1 2 3 |  3.0
Translocations | 4 5 6 |  6.7
Slings         | 3 5 8 |  8.6
Fighting       | |  1.7
Throwing       | |  1.0
Armour         | |  1.1
Spellcasting   | |  1.5

Action                   |  1- 3 |  4- 6 |  7- 9 || total
-------------------------+-------+-------+-------++-------
Melee: Short sword       |    63 |    29 |       ||    92
       Rapier            |    27 |    80 |   107 ||   214
 Fire: Hunting sling     |       |    14 |   326 ||   340
Throw: Dart              |    16 |    38 |     1 ||    55
       Boomerang         |    55 |    21 |     3 ||    79
 Cast: Shroud of Golubri |     1 |     4 |    18 ||    23
       Blink             |       |       |    15 ||    15
  Use: Potion            |     2 |     2 |       ||     4
  Eat: Chunk             |     2 |     7 |    11 ||    20
       Ration            |       |       |     1 ||     1
Armor: Leather armour    |    24 |    16 |    22 ||    62
       Skin              |       |     4 |       ||     4
Dodge: Dodged            |    82 |    70 |   177 ||   329

Table legend:
 A = Non-vault XP
 B = Vault XP
 C = Vault XP percentage of total XP
 D = Non-vault monster count
 E = Vault monster count
 F = Vault count percentage of total count
                 A         B        C        D         E       F
            +---------+---------+-------+---------+---------+-------
      Total |    1304 |     939 |  41.9 |     117 |      55 |  32.0
            +---------+---------+-------+---------+---------+-------
        D:1 |      40 |       0 |   0.0 |      25 |       0 |   0.0
        D:2 |      68 |       0 |   0.0 |      25 |       0 |   0.0
        D:3 |     204 |     220 |  51.9 |      22 |       1 |   4.3
        D:4 |     482 |     680 |  58.5 |      24 |      52 |  68.4
        D:5 |     354 |      36 |   9.2 |      14 |       1 |   6.7
        D:6 |     156 |       3 |   1.9 |       7 |       1 |  12.5
            +---------+---------+-------+---------+---------+-------
